 Dungeon Crawl Stone Soup version 0.18.1-48-g4cf74bf (webtiles) character file.

43252 MTVSty1e the Blocker (level 14, -2/116 HPs)
             Began as a Formicid Fighter on July 30, 2016.
             Was the Champion of Okawaru.
             Slain by a phantasmal warrior (27 damage)
             ... led by a death knight
             ... on level 15 of the Dungeon.
             The game lasted 00:50:44 (15825 turns).

MTVSty1e the Blocker (Formicid Fighter)            Turns: 15825, Time: 00:50:44

Health: -2/116     AC: 24    Str: 24 (25) XL:     14   Next: 59%
Magic:  17/22      EV: 13    Int:  9      God:    Okawaru [******]
Gold:   875        SH: 16    Dex: 12 (13) Spells: 0 memorised, 13 levels left

rFire  + + .     SeeInvis +     q - +4 war axe of Wafoexzi {venom, *Drain Dex+7}
rCold  . . .     Gourm    .     v - +0 plate armour
rNeg   . . .     Faith    .     c - +1 shield
rPois  +         Spirit   .     (helmet unavailable)
rElec  .         Dismiss  +     K - +0 cloak
rCorr  .         Reflect  .     z - +2 pair of gloves "Busuq" {rF+ MR+}
SustAt .         Harm     .     X - +0 pair of boots
MR     +....                    U - amulet of dismissal
Stlth  ..........               L - ring of fire
                                m - ring of protection from cold

@: vulnerable, heroism, finesse, very slightly contaminated, invisible, somewhat
resistant to hostile enchantments, extremely unstealthy
A: permanent stasis, dig shafts and tunnels, four strong arms, antennae 3,
talons 1, clumsy 2, deterioration 1, magic resistance 1, poison resistance, wild
magic 1, sturdy frame 1
a: Dig, Shaft Self, Heroism, Finesse, Renounce Religion


You were on level 15 of the Dungeon.
You worshipped Okawaru.
Okawaru was exalted by your worship.
You were not hungry.

You visited 1 branch of the dungeon, and saw 15 of its levels.

You collected 957 gold pieces.
You spent 82 gold pieces at shops.

Inventory:

Hand Weapons
 l - a +1 hand axe of electrocution
 q - the +4 war axe of Wafoexzi (weapon) {venom, *Drain Dex+7}
   (You found it on level 8 of the Dungeon)

   It poisons the flesh of those it strikes.
   It affects your dexterity (+7).
   It causes draining when unequipped.
 r - a +3 executioner's axe of electrocution
 s - the cursed +1 trident of Vehafa {pierce, rPois}
   (You found it on level 7 of the Dungeon)

   It inflicts extra damage upon your enemies.
   It protects you from poison.
   It has a curse placed upon it.
 u - a +2 scimitar of flaming
 H - a +5 spear of pain
 J - a +2 short sword of speed
 N - a +2 war axe of flaming
 P - a +1 scimitar of slicing
 Y - a +1 broad axe of venom
Armour
 c - a +1 shield (worn)
 v - a +0 plate armour (worn)
 z - the +2 pair of gloves "Busuq" (worn) {rF+ MR+}
   (You found it on level 10 of the Dungeon)

   It protects you from fire.
   It affects your resistance to hostile enchantments.
 K - a +0 cloak (worn)
 X - a +0 pair of boots (worn)
Jewellery
 d - an uncursed amulet of the gourmand
 m - a ring of protection from cold (left hand)
 A - an uncursed ring of resist corrosion
 C - an uncursed ring of poison resistance
 L - a ring of fire (right hand)
 U - an amulet of dismissal (around neck)
 W - an uncursed ring of flight {unknown}
Wands
 g - a wand of iceblast (5/15)
 h - a wand of polymorph (12/24)
 i - a wand of flame (22/48)
 w - a wand of paralysis (15/24)
 x - a wand of lightning (8/15)
 y - a wand of slowing (24/48)
 M - a wand of paralysis (15/24)
 O - a wand of confusion (26/48)
 T - a wand of iceblast (2/15)
Scrolls
 e - 9 scrolls of remove curse
 k - a scroll of enchant weapon
 n - 6 scrolls of fear
 B - 2 scrolls of magic mapping
 D - 2 scrolls of identify
 F - 2 scrolls of recharging
 I - a scroll of amnesia
 V - a scroll of summoning {unknown}
Potions
 b - a potion of ambrosia
 j - 4 potions of curing
 o - 2 potions of lignification
 p - 2 potions of brilliance
 E - a potion of cancellation
 R - 2 potions of flight
 S - a potion of agility
Books
 Q - a book of Conjurations

   Spells                             Type                      Level
   a - Magic Dart                     Conjuration                  1
   b - Searing Ray                    Conjuration                  2
   c - Dazzling Spray                 Conjuration/Hexes            3
   d - Fulminant Prism                Conjuration/Hexes            4
   e - Iskenderun's Mystic Blast      Conjuration                  4
   f - Iskenderun's Battlesphere      Conjuration/Charms           5
Comestibles
 a - a slice of pizza
 f - 11 bread rations
 G - a meat ration


   Skills:
 * Level 12.4(17.4) Fighting
 + Level 11.5(16.5) Axes
 * Level 11.1(16.1) Armour
 * Level 6.5(11.5) Dodging
 + Level 12.7(17.7) Shields
 - Level 10.7 Invocations
 * Level 4.0 Evocations


You had 13 spell levels left.
You didn't know any spells.

Dungeon Overview and Level Annotations

Branches:
Dungeon (15/15)            Temple (0/1) D:7            Lair (0/8) D:9
    Orc (0/2) D:12         Vaults (0/5) D:14
 Depths: D:15

Altars:
Ashenzari
Cheibriados
Dithmenos
Elyvilon
Fedhas
Gozag
Nemelex Xobeh
Okawaru
Pakellas
Qazlal
Ru
Trog
Xom
Beogh

Shops:
D:11 =   D:14 *

Annotations:
D:8 exclusion: ice statue


Innate Abilities, Weirdness & Mutations

You are under a permanent stasis effect.
You can dig through walls and to a lower floor.
Your four strong arms can wield two-handed weapons with a shield.
You have a pair of large antennae on your head (SInv).
You have sharp toenails.
You are very clumsy. (Dex -4)
Your body sometimes deteriorates upon taking damage.
You are resistant to hostile enchantments.
Your system is resistant to poisons.
Your spells are a little harder to cast, but a little more powerful.
Your movements are slightly less encumbered by armour (ER -2).


Message History

You closely miss the death knight.
The death knight is moderately wounded.
You slash the skeletal warrior!
The skeletal warrior is moderately damaged.
You slash the phantasmal warrior!
The phantasmal warrior is almost destroyed.
You hit the phantasmal warrior.
The phantasmal warrior is severely damaged.
You block the skeletal warrior's attack.
You closely miss the phantasmal warrior.
The phantasmal warrior is almost destroyed.
You hit the skeletal warrior but do no damage.
The skeletal warrior is moderately damaged.
You strike the helpless death knight from behind!
You hit the death knight but do no damage.
The death knight is moderately wounded.
You slash the phantasmal warrior!
The phantasmal warrior is severely damaged.
The phantasmal warrior hits you!!
You die...

#.##......# #...
#.##......# #...
#.##......# #...
#.##..)...# .###...
#.##......# .......
#.##......# .......
#.........#
......z###............
#.yp@W.............
#..W###......#..####
#... #......#..# #...
#......#..# #...
#......# # #...
#......# #... #......#
#... #......#


You could see a death knight, a skeletal warrior, 2 phantasmal warriors and a
queen bee.

Vanquished Creatures
  Frances (D:13)
  Nessos (D:12)
  3 vault guards (D:14)
  A yaktaur captain (D:13)
  A centaur warrior (D:12)
  Erolcha (D:8)
  A death knight (D:15)
  A skeletal warrior (D:14)
  A wizard (D:14)
  3 unseen horrors
  An orc knight (D:12)
  5 hill giants
  Pikel (D:8)
  A harpy (D:13)
  3 necromancers (D:14)
  14 ugly things
  A cyclops (D:13)
  A griffon (D:14)
  Maurice (D:13)
  3 centaur skeletons
  Psyche (D:8)
  A gargoyle (D:13)
  2 kobold demonologists (D:11)
  2 freezing wraiths
  An efreet (D:13)
  A tengu conjurer (D:13)
  7 trolls
  2 two-headed ogres
  A spriggan (D:7)
  Eustachio (D:6)
  19 humans (D:14)
  2 wyverns
  3 wraiths
  Grum (D:8)
  19 yaks
  3 hippogriffs
  3 hungry ghosts
  7 vampire mosquitoes
  3 water moccasins
  11 orc warriors
  3 ice beasts
  5 sky beasts
  An eye of draining (D:13)
  A phantom (D:7)
  3 black bears
  4 slaves (D:8)
  A wasp (D:11)
  A necrophage (D:6)
  9 ogres
  5 centaurs
  4 wolves (D:8)
  2 crocodiles (D:11)
  8 giant frogs
  Blork the orc (D:5)
  2 big kobolds
  A wyvern skeleton (D:10)
  2 scorpions
  17 killer bees
  7 wights
  12 howler monkeys
  5 crimson imps
  3 centaur zombies
  3 giant frog skeletons
  9 hounds
  3 jellies
  11 orc priests
  11 orc wizards
  5 iguanas
  2 gnoll shamans
  6 worker ants
  2 hound zombies
  3 hound skeletons
  20 gnolls
  11 adders
  4 shadow imps
  3 oozes
  3 adder skeletons
  A worm (D:4)
  5 giant geckos
  49 orcs
  4 bats
  6 giant cockroaches
  5 goblins
  4 hobgoblins
  13 jackals
  17 kobolds
  2 quokkas (D:6)
  A giant gecko zombie (D:6)
  5 giant newts
  A quokka zombie (D:5)
  4 rats
445 creatures vanquished.

Vanquished Creatures (others)
  4 toadstools (D:1)
4 creatures vanquished.

Grand Total: 449 creatures vanquished

Notes
Turn   | Place    | Note
--------------------------------------------------------------
     0 | D:1      | MTVSty1e the Formicid Fighter began the quest for the Orb.
     0 | D:1      | Reached XP level 1. HP: 18/18 MP: 1/1
   211 | D:1      | Reached XP level 2. HP: 22/24 MP: 2/2
   593 | D:2      | Reached XP level 3. HP: 27/29 MP: 3/3
   969 | D:2      | Found an iron altar of Okawaru.
   978 | D:2      | Reached XP level 4. HP: 29/35 MP: 4/4
   984 | D:2      | Became a worshipper of Warmaster Okawaru
  1187 | D:2      | Reached skill level 1 in Dodging
  1262 | D:2      | Found a sacrificial altar of Ru.
  1265 | D:2      | Found a snail-covered altar of Cheibriados.
  1268 | D:2      | Found a shadowy altar of Dithmenos.
  1475 | D:3      | Found a sparkling altar of Nemelex Xobeh.
  1486 | D:3      | Reached XP level 5. HP: 42/42 MP: 5/5
  1809 | D:4      | Reached skill level 5 in Shields
  1886 | D:4      | Noticed an ogre
  1893 | D:4      | Killed an ogre
  1893 | D:4      | Reached XP level 6. HP: 28/48 MP: 6/6
  2278 | D:4      | Found a shimmering altar of Xom.
  2278 | D:4      | Found a shimmering altar of Xom.
  2278 | D:4      | Found a shimmering altar of Xom.
  2279 | D:4      | Found a shimmering altar of Xom.
  2279 | D:4      | Found a shimmering altar of Xom.
  2281 | D:4      | Found a shimmering altar of Xom.
  2282 | D:4      | You fall through a shaft for 2 floors!
  2286 | D:6      | Reached * piety under Okawaru
  2292 | D:6      | Noticed Eustachio
  2295 | D:6      | Noticed a black bear
  2301 | D:6      | Killed a black bear
  2301 | D:6      | Reached XP level 7. HP: 52/55 MP: 7/7
  2314 | D:6      | Killed Eustachio
  2399 | D:6      | Reached ** piety under Okawaru
  2407 | D:6      | Found a shattered altar of Ashenzari.
  2683 | D:6      | Reached skill level 5 in Armour
  2683 | D:6      | Reached XP level 8. HP: 48/61 MP: 8/8
  3070 | D:6      | Reached skill level 1 in Invocations
  3074 | D:6      | Gained mutation: You regenerate slowly when monsters are visible. [mutagenic meat]
  3075 | D:6      | Gained mutation: You are resistant to hostile enchantments. [mutagenic meat]
  3076 | D:6      | Gained mutation: Your magical capacity is low (-10% MP). [mutagenic meat]
  3077 | D:6      | Gained mutation: Your body sometimes deteriorates upon taking damage. [mutagenic meat]
  3078 | D:6      | Gained mutation: Your movements are slightly less encumbered by armour (ER -2). [mutagenic meat]
  3079 | D:6      | Gained mutation: You are clumsy. (Dex -2) [mutagenic meat]
  3478 | D:6      | Reached skill level 5 in Fighting
  3498 | D:5      | Entered Level 5 of the Dungeon
  3501 | D:5      | You fall through a shaft!
  3587 | D:5      | Reached *** piety under Okawaru
  3744 | D:5      | Noticed Blork the orc
  3754 | D:5      | Killed Blork the orc
  3758 | D:5      | Reached XP level 9. HP: 50/68 MP: 8/10
  4541 | D:4      | Reached skill level 5 in Axes
  4661 | D:4      | Found a bloodstained altar of Trog.
  4985 | D:4      | Found a white marble altar of Elyvilon.
  5476 | D:4      | Found a stormy altar of Qazlal.
  5539 | D:7      | Found an opulent altar of Gozag.
  5558 | D:7      | Found a staircase to the Ecumenical Temple.
  5638 | D:7      | Reached **** piety under Okawaru
  5911 | D:7      | Got a crude trident
  5920 | D:7      | Identified the cursed +1 trident of Vehafa {pierce, rPois} (You found it on level 7 of the Dungeon)
  6047 | D:7      | Reached skill level 5 in Invocations
  6047 | D:7      | Reached XP level 10. HP: 68/76 MP: 12/12
  6504 | D:8      | Got a steaming war axe
  6511 | D:8      | Identified the +4 war axe of Wafoexzi {venom, *Drain Dex+7} (You found it on level 8 of the Dungeon)
  6571 | D:8      | Noticed Erolcha
  6583 | D:8      | Killed Erolcha
  6583 | D:8      | Reached ***** piety under Okawaru
  6750 | D:8      | Noticed Psyche
  6763 | D:8      | Killed Psyche
  6843 | D:8      | Found a snail-covered altar of Cheibriados.
  6946 | D:8      | Found an oddly glowing altar of Pakellas.
  6947 | D:8      | Found a blossoming altar of Fedhas.
  7068 | D:8      | Noticed Grum
  7081 | D:8      | Killed Grum
  7202 | D:8      | Noticed an ice statue
  7410 | D:8      | Noticed Pikel
  7422 | D:8      | Killed Pikel
  7422 | D:8      | Reached skill level 10 in Shields
  7422 | D:8      | Reached XP level 11. HP: 78/83 MP: 13/14
  7825 | D:9      | Found a staircase to the Lair.
  7833 | D:9      | Got a warped ring mail
  7844 | D:9      | Identified the +1 ring mail "Ame Fay" {rF- Regen+ Str+4 Dex+6} (You found it on level 9 of the Dungeon)
  8579 | D:9      | Received a gift from Okawaru
  8863 | D:9      | Found a stormy altar of Qazlal.
  8911 | D:10     | Entered Level 10 of the Dungeon
  9049 | D:10     | Noticed an unseen horror
  9055 | D:10     | Killed an unseen horror
  9268 | D:10     | Got a pair of heavily runed gloves
  9279 | D:10     | Identified the +2 pair of gloves "Busuq" {rF+ MR+} (You found it on level 10 of the Dungeon)
  9492 | D:10     | Noticed a hill giant
  9503 | D:10     | Killed a hill giant
 10013 | D:11     | Reached XP level 12. HP: 92/92 MP: 16/16
 10050 | D:11     | Found Mycrer's Jewellery Boutique.
 10761 | D:11     | Reached ****** piety under Okawaru
 11022 | D:12     | Found a roughly hewn altar of Beogh.
 11022 | D:12     | Found a staircase to the Orcish Mines.
 11023 | D:12     | Noticed a centaur warrior
 11035 | D:12     | Killed a centaur warrior
 11121 | D:12     | Noticed an unseen horror
 11131 | D:12     | Killed an unseen horror
 11132 | D:12     | Noticed Nessos
 11148 | D:12     | Killed Nessos
 11148 | D:12     | Received a gift from Okawaru
 11208 | D:12     | Gained mutation: Your system is resistant to poisons. [potion of mutation]
 11209 | D:12     | Lost mutation: Your magical capacity is low (-10% MP). [potion of mutation]
 11308 | D:12     | Reached skill level 10 in Fighting
 11481 | D:12     | Lost mutation: You regenerate slowly when monsters are visible. [potion of mutation]
 11481 | D:12     | Gained mutation: Your natural rate of healing is unusually fast. [potion of mutation]
 11658 | D:12     | Lost mutation: Your natural rate of healing is unusually fast. [potion of mutation]
 11658 | D:12     | Gained mutation: Your spells are a little harder to cast, but a little more powerful. [potion of mutation]
 11801 | D:13     | Noticed Frances
 11822 | D:13     | Killed Frances
 11822 | D:13     | Received a gift from Okawaru
 11822 | D:13     | Reached skill level 10 in Invocations
 11822 | D:13     | Reached XP level 13. HP: 98/104 MP: 13/20
 11883 | D:13     | Reached skill level 5 in Dodging
 12061 | D:13     | Reached skill level 10 in Axes
 12100 | D:13     | Received a gift from Okawaru
 12107 | D:13     | Gained mutation: You are very clumsy. (Dex -4) [mutagenic meat]
 12108 | D:13     | Gained mutation: You have sharp toenails. [mutagenic meat]
 12119 | D:13     | Noticed Maurice
 12130 | D:13     | Killed Maurice
 12266 | D:13     | Reached skill level 10 in Armour
 12449 | D:13     | Noticed a yaktaur captain
 12495 | D:13     | Killed a yaktaur captain
 13475 | D:13     | Received a gift from Okawaru
 13475 | D:13     | Reached skill level 1 in Evocations
 13564 | D:14     | Found Tyurait's Assorted Antiques.
 13566 | D:14     | Got an encrusted helmet
 13765 | D:14     | Bought 2 bubbling silvery potions for 41 gold pieces
 13765 | D:14     | Bought 2 smoky coppery potions for 41 gold pieces
 13767 | D:14     | Identified the cursed +0 helmet "Pues" {Slay+2} (You found it on level 14 of the Dungeon)
 13817 | D:14     | Received a gift from Okawaru
 13868 | D:14     | Found a gate to the Vaults.
 13868 | D:14     | Noticed a vault guard
 13868 | D:14     | Noticed a vault guard
 13868 | D:14     | Noticed a vault guard
 13882 | D:14     | Killed a vault guard
 13886 | D:14     | Killed a vault guard
 13886 | D:14     | Reached XP level 14. HP: 98/113 MP: 15/22
 13974 | D:14     | Received a gift from Okawaru
 15000 | D:15     | Entered Level 15 of the Dungeon
 15108 | D:14     | Received a gift from Okawaru
 15825 | D:15     | Slain by a phantasmal warrior

Skill      XL: |  1  2  3  4  5  6  7  8  9 10 11 12 13 14 |
---------------+-------------------------------------------+-----
Shields        | 4 5 6 7 9 10 11 12 | 12.7
Dodging        | 1 2 3 4 5 6 |  6.5
Armour         | 4 5 7 8 9 10 11 | 11.1
Fighting       | 4 5 6 8 10 11 12 | 12.4
Axes           | 3 4 5 6 8 9 10 11 | 11.5
Invocations    | 2 5 7 9 10 | 10.7
Evocations     | 2 4 |  4.0

Action                   |  1- 3 |  4- 6 |  7- 9 | 10-12 | 13-15 || total
-------------------------+-------+-------+-------+-------+-------++-------
Melee: War axe           |    66 |       |       |   509 |   534 ||  1109
       Hand axe          |       |    65 |   366 |    56 |       ||   487
       Kick              |       |       |       |       |   120 ||   120
Invok: Heroism           |       |       |     2 |    14 |     8 ||    24
       Finesse           |       |       |       |     4 |     6 ||    10
 Abil: Dig               |       |       |     8 |     7 |     3 ||    18
Evoke: Wand              |       |       |       |     4 |       ||     4
  Use: Scroll            |     3 |     7 |    11 |     3 |     4 ||    28
       Potion            |       |     1 |     4 |     9 |     7 ||    21
 Stab: Distracted        |       |       |       |       |     1 ||     1
       Invisible         |       |       |       |       |     1 ||     1
  Eat: Bread ration      |       |     1 |       |     1 |       ||     2
       Beef jerky        |       |       |     1 |     1 |     1 ||     3
       Chunk             |       |       |     6 |       |     5 ||    11
       Meat ration       |       |       |     2 |     4 |     3 ||     9
       Fruit             |       |       |     2 |     3 |       ||     5
Armor: Scale mail        |    32 |    24 |    21 |       |       ||    77
       Plate armour      |       |       |   103 |   173 |   188 ||   464
       Skin              |       |       |       |       |    14 ||    14
Dodge: Dodged            |    18 |    29 |    98 |   158 |   129 ||   432
Block: Shield            |    33 |    39 |   223 |   369 |   350 ||  1014
